| TOP OF THE 1ST |
|
Lowell Spinners batting - Pitching for Minnesota (NYP) Twins : RHP Tom Winsor
|
|
Pitching: RHP Tom Winsor
|
|
|
Batting: RHB Sal Rivera
|
0-0: Ball 1-0: Ball 2-0: Called Strike 2-1: Swinging Strike 2-2: Ball 3-2: Foul Ball, location: 2F 3-2: Hit by Pitch
|
|
Batting: RHB Curt Stallings
|
0-0: Swinging Strike 0-1: Ball 1-1: Foul Ball, location: 2F 1-2: Foul Ball, location: 2F 1-2: Ball Sal Rivera steals 2nd base (no throw) 2-2: Ball 3-2: Strikes out swinging
|
|
Batting: LHB Frank Olivo
|
0-0: Swinging Strike 0-1: Ball 1-1: Called Strike 1-2: SINGLE (Line Drive, 4D, EV 106.9 MPH) Sal Rivera to third Runner from 3rd tries for Home, throw by RF and OUT! 9-2 Frank Olivo to second
|
|
Batting: RHB Alex Cardenas
|
0-0: Ball 1-0: Called Strike 1-1: Fly out, F9 (Flyball, 89D, EV 99.4 MPH)
|
| Top of the 1st over - 0 runs, 1 hit, 0 errors, 1 left on base; Lowell 0 - Minnesota (NYP) 0 |
| BOTTOM OF THE 1ST |
|
Minnesota (NYP) Twins batting - Pitching for Lowell Spinners : RHP Morty Rupert
|
|
Pitching: RHP Morty Rupert
|
|
|
Batting: RHB John Dew
|
0-0: Foul Ball, location: 2F 0-1: Ball 1-1: Foul Ball, location: 2F 1-2: Ground out 6-3 (Groundball, 6M, EV 108.8 MPH)
|
|
Batting: SHB Manny Molina
|
0-0: Ball 1-0: Swinging Strike 1-1: Called Strike 1-2: Strikes out swinging
|
|
Batting: LHB Jayden Thomas
|
0-0: Foul Ball, location: 2F 0-1: Called Strike 0-2: Ball 1-2: Ground out 4-3 (Groundball, 34, EV 86.2 MPH)
|
| Bottom of the 1st over - 0 runs, 0 hits, 0 errors, 0 left on base; Lowell 0 - Minnesota (NYP) 0 |
| TOP OF THE 2ND |
|
Lowell Spinners batting - Pitching for Minnesota (NYP) Twins : RHP Tom Winsor
|
|
Batting: RHB Paul Long
|
0-0: Ball 1-0: Swinging Strike 1-1: SINGLE (Groundball, 6MD, EV 93.8 MPH)
|
|
Batting: RHB Travis Campbell
|
0-0: Fielders Choice at 2nd, 4-6 (Groundball, 34, EV 99.4 MPH)
|
|
Batting: RHB Dominique Paolozzi
|
0-0: Grounds into double play, 6-4-3 (Groundball, 6, EV 89.4 MPH)
|
| Top of the 2nd over - 0 runs, 1 hit, 0 errors, 0 left on base; Lowell 0 - Minnesota (NYP) 0 |
| BOTTOM OF THE 2ND |
|
Minnesota (NYP) Twins batting - Pitching for Lowell Spinners : RHP Morty Rupert
|
|
Batting: LHB Kuemon Shishido
|
0-0: Ball 1-0: Foul Ball, location: 2F 1-1: Swinging Strike 1-2: Ball 2-2: Strikes out swinging
|
|
Batting: SHB Chris Hull
|
0-0: Ball 1-0: Ball 2-0: Called Strike 2-1: Ball 3-1: Base on Balls
|
|
Batting: RHB Nick Phipps
|
0-0: Called Strike 0-1: Ball 1-1: Ball 2-1: Ball 3-1: Base on Balls Chris Hull to second
|
|
Batting: RHB Leo Gonzalez
|
0-0: Called Strike 0-1: Swinging Strike 0-2: Ball 1-2: Ball 2-2: Strikes out swinging
|
|
Batting: RHB Andrew Rich
|
0-0: Foul Ball, location: 2F 0-1: SINGLE (Groundball, 6MD, EV 104.4 MPH) Chris Hull to third Nick Phipps to second Runner from 3rd tries for Home, SAFE, throw by CF to home
|
|
Batting: RHB Ton van Dijk
|
0-0: Ball 1-0: Ball 2-0: Foul Ball, location: 2F 2-1: Ball 3-1: Called Strike 3-2: Fly out, F9 (Flyball, 9S, EV 81.9 MPH)
|
| Bottom of the 2nd over - 1 run, 1 hit, 0 errors, 2 left on base; Lowell 0 - Minnesota (NYP) 1 |
| TOP OF THE 3RD |
|
Lowell Spinners batting - Pitching for Minnesota (NYP) Twins : RHP Tom Winsor
|
|
Batting: LHB Joel Soto
|
0-0: Called Strike 0-1: Ball 1-1: Fly out, F8 (Flyball, 8LM, EV 81.2 MPH)
|
|
Batting: RHB Marco Sianez
|
0-0: Called Strike 0-1: Called Strike 0-2: Strikes out swinging
|
|
Batting: RHB Sal Rivera
|
0-0: Ball 1-0: Foul Ball, location: 2F 1-1: Ball 2-1: Foul Ball, location: 2F 2-2: Foul Ball, location: 2F 2-2: Ball 3-2: Strikes out swinging
|
| Top of the 3rd over - 0 runs, 0 hits, 0 errors, 0 left on base; Lowell 0 - Minnesota (NYP) 1 |
| BOTTOM OF THE 3RD |
|
Minnesota (NYP) Twins batting - Pitching for Lowell Spinners : RHP Morty Rupert
|
|
Batting: RHB John Dew
|
0-0: Called Strike 0-1: Ball 1-1: Called Strike 1-2: Foul Ball, location: 2F 1-2: Ball 2-2: Ball 3-2: Base on Balls
|
|
Batting: SHB Manny Molina
|
0-0: Ball John Dew is caught stealing 2nd base 2-6 1-0: Foul Ball, location: 2F 1-1: Ball 2-1: Ball 3-1: Bunt missed! 3-2: Strikes out swinging
|
|
Batting: LHB Jayden Thomas
|
0-0: Ball 1-0: Called Strike 1-1: Ball 2-1: Ground out 4-3 (Groundball, 4, EV 109.4 MPH)
|
| Bottom of the 3rd over - 0 runs, 0 hits, 0 errors, 0 left on base; Lowell 0 - Minnesota (NYP) 1 |
| TOP OF THE 4TH |
|
Lowell Spinners batting - Pitching for Minnesota (NYP) Twins : RHP Tom Winsor
|
|
Batting: RHB Curt Stallings
|
0-0: Ball 1-0: Ball 2-0: Foul Ball, location: 2F 2-1: Ball 3-1: Fly out, F9 (Line Drive, 9, EV 94.4 MPH)
|
|
Batting: LHB Frank Olivo
|
0-0: SINGLE (Groundball, 4MD, EV 103.8 MPH)
|
|
Batting: RHB Alex Cardenas
|
0-0: Ball 1-0: SINGLE (Groundball, 6MD, EV 108.8 MPH) Frank Olivo to second
|
|
Batting: RHB Paul Long
|
0-0: Ball 1-0: Foul Ball, location: 2F 1-1: Swinging Strike 1-2: Foul Ball, location: 2F 1-2: Strikes out looking
|
|
Batting: RHB Travis Campbell
|
0-0: Called Strike 0-1: Foul Ball, location: 2F 0-2: Ball 1-2: Strikes out swinging
|
| Top of the 4th over - 0 runs, 2 hits, 0 errors, 2 left on base; Lowell 0 - Minnesota (NYP) 1 |
| BOTTOM OF THE 4TH |
|
Minnesota (NYP) Twins batting - Pitching for Lowell Spinners : RHP Morty Rupert
|
|
Batting: LHB Kuemon Shishido
|
0-0: Ball 1-0: SINGLE (Line Drive, 78S, EV 89.4 MPH)
|
|
Batting: SHB Chris Hull
|
0-0: Ball 1-0: Ball 2-0: SINGLE (Line Drive, 4MD, EV 98.1 MPH) Kuemon Shishido to second
|
|
Batting: RHB Nick Phipps
|
0-0: Called Strike 0-1: Ball 1-1: Ball Passed Ball! Kuemon Shishido to third Chris Hull to second 2-1: Ball 3-1: Foul Ball, location: 2F 3-2: Strikes out swinging
|
|
Batting: RHB Leo Gonzalez
|
0-0: Ball 1-0: Foul Ball, location: 2F 1-1: Swinging Strike 1-2: Foul Ball, location: 2F 1-2: Foul Ball, location: 2F 1-2: Ball 2-2: Fly out, F9 (Flyball, 9D, EV 102.5 MPH) Runner from 3rd tags up, SCORES, throw by RF Chris Hull to third
|
|
Batting: RHB Andrew Rich
|
0-0: Ball 1-0: Ball 2-0: Fly out, F7 (Flyball, 7D, EV 101.9 MPH)
|
| Bottom of the 4th over - 1 run, 2 hits, 0 errors, 1 left on base; Lowell 0 - Minnesota (NYP) 2 |
| TOP OF THE 5TH |
|
Lowell Spinners batting - Pitching for Minnesota (NYP) Twins : RHP Tom Winsor
|
|
Batting: RHB Dominique Paolozzi
|
0-0: Ball 1-0: SINGLE (Line Drive, 78S, EV 107.5 MPH)
|
|
Batting: LHB Joel Soto
|
0-0: Foul Ball, location: 2F 0-1: Ball 1-1: Foul Ball, location: 2F 1-2: Strikes out swinging
|
|
Batting: RHB Marco Sianez
|
0-0: Ball 1-0: Ball 2-0: Ball 3-0: Base on Balls Dominique Paolozzi to second
|
|
Batting: RHB Sal Rivera
|
0-0: Swinging Strike 0-1: Ball 1-1: Fielders Choice at 2nd, 6-4 (Groundball, 6, EV 83.8 MPH) Dominique Paolozzi to third
|
|
Batting: RHB Curt Stallings
|
0-0: Called Strike 0-1: Foul Ball, location: 2F 0-2: Ball 1-2: Foul Ball, location: 2F 1-2: Foul Ball, location: 2F 1-2: Ball 2-2: SINGLE (Groundball, 25, EV 73.8 MPH) (infield hit) Dominique Paolozzi scores Sal Rivera to second
|
|
Pitching: RHP Cody Bryant
|
|
|
Batting: LHB Frank Olivo
|
0-0: Ball 1-0: Ball 2-0: Ball 3-0: Called Strike 3-1: Foul Ball, location: 2F 3-2: Foul Ball, location: 2F 3-2: Base on Balls Sal Rivera to third Curt Stallings to second
|
|
Batting: RHB Alex Cardenas
|
0-0: Ball 1-0: Ball 2-0: Fly out, F9 (Flyball, 9LMF, EV 108.1 MPH)
|
| Top of the 5th over - 1 run, 2 hits, 0 errors, 3 left on base; Lowell 1 - Minnesota (NYP) 2 |
| BOTTOM OF THE 5TH |
|
Minnesota (NYP) Twins batting - Pitching for Lowell Spinners : RHP Morty Rupert
|
|
Batting: RHB Ton van Dijk
|
0-0: Called Strike 0-1: Foul Ball, location: 2F 0-2: Ball 1-2: Ball 2-2: Strikes out swinging
|
|
Batting: RHB John Dew
|
0-0: Swinging Strike 0-1: Ball 1-1: Ball 2-1: Fly out, F9 (Flyball, 89S, EV 91.2 MPH)
|
|
Batting: SHB Manny Molina
|
0-0: Ball 1-0: Ball 2-0: SINGLE (Line Drive, 89S, EV 103.1 MPH)
|
|
Batting: LHB Jayden Thomas
|
0-0: Called Strike Manny Molina steals 2nd base 0-1: Ball 1-1: Called Strike 1-2: Ball 2-2: Foul Ball, location: 2F 2-2: Ground out 4-3 (Groundball, 4, EV 107.5 MPH)
|
| Bottom of the 5th over - 0 runs, 1 hit, 0 errors, 1 left on base; Lowell 1 - Minnesota (NYP) 2 |
| TOP OF THE 6TH |
|
Lowell Spinners batting - Pitching for Minnesota (NYP) Twins : RHP Cody Bryant
|
|
Batting: RHB Paul Long
|
0-0: DOUBLE (Flyball, 9LD, EV 100.0 MPH)
|
|
Batting: RHB Travis Campbell
|
0-0: Ball 1-0: Swinging Strike 1-1: Ball 2-1: Swinging Strike 2-2: Ball 3-2: Fly out, F8 (Line Drive, 89D, EV 103.8 MPH) Runner from 2nd tags up, OUT at 3rd! 8-5
|
|
Batting: RHB Dominique Paolozzi
|
0-0: Ball 1-0: Called Strike 1-1: Fly out, F7 (Flyball, 7S, EV 94.4 MPH)
|
| Top of the 6th over - 0 runs, 1 hit, 0 errors, 0 left on base; Lowell 1 - Minnesota (NYP) 2 |
| BOTTOM OF THE 6TH |
|
Minnesota (NYP) Twins batting - Pitching for Lowell Spinners : RHP Morty Rupert
|
|
Batting: LHB Kuemon Shishido
|
0-0: Ball 1-0: Ball 2-0: Ball 3-0: Called Strike 3-1: Foul Ball, location: 2F 3-2: Base on Balls
|
|
Pitching: LHP Chris Woodruff
|
|
|
Batting: SHB Chris Hull
|
0-0: Foul Ball, location: 2F 0-1: Ball 1-1: Swinging Strike Passed Ball! Kuemon Shishido to second 1-2: Foul Ball, location: 2F 1-2: 2-RUN HOME RUN (Flyball, 7D, EV 101.2 MPH), Distance : 392 ft
|
|
Batting: RHB Nick Phipps
|
0-0: Ball 1-0: Ball 2-0: Called Strike 2-1: Foul Ball, location: 2F 2-2: Foul Ball, location: 2F 2-2: Ball 3-2: Foul Ball, location: 2F 3-2: Foul Ball, location: 2F 3-2: Fly out, F8 (Flyball, 8RXD, EV 80.0 MPH)
|
|
Batting: RHB Leo Gonzalez
|
0-0: Ball 1-0: Fly out, F9 (Flyball, 9D, EV 100.6 MPH)
|
|
Batting: RHB Andrew Rich
|
0-0: Ball 1-0: Swinging Strike 1-1: Ground out 6-3 (Groundball, 6, EV 93.1 MPH)
|
| Bottom of the 6th over - 2 runs, 1 hit, 0 errors, 0 left on base; Lowell 1 - Minnesota (NYP) 4 |
| TOP OF THE 7TH |
|
Lowell Spinners batting - Pitching for Minnesota (NYP) Twins : RHP Cody Bryant
|
|
Pitching: RHP Regan Kalinski
|
|
|
Batting: LHB Joel Soto
|
0-0: Called Strike 0-1: Ball 1-1: Swinging Strike 1-2: Strikes out looking
|
|
Pinch Hitting: SHB Eric Evans
|
0-0: Ball 1-0: Swinging Strike 1-1: Foul Ball, location: 2F 1-2: Ball 2-2: Foul Ball, location: 2F 2-2: DOUBLE (Groundball, 3L, EV 109.4 MPH)
|
|
Batting: RHB Sal Rivera
|
0-0: Ground out 3-1 (Groundball, 34S, EV 89.4 MPH) Eric Evans to third
|
|
Batting: RHB Curt Stallings
|
0-0: Swinging Strike 0-1: Swinging Strike 0-2: Strikes out swinging
|
| Top of the 7th over - 0 runs, 1 hit, 0 errors, 1 left on base; Lowell 1 - Minnesota (NYP) 4 |
| BOTTOM OF THE 7TH |
|
Minnesota (NYP) Twins batting - Pitching for Lowell Spinners : LHP Chris Woodruff
|
|
Pitching: RHP Victor Fuentes
|
|
|
Now at SS: Joe Sandoval
|
|
|
Batting: RHB Ton van Dijk
|
0-0: Foul Ball, location: 2F 0-1: Called Strike 0-2: Ball 1-2: Ball 2-2: Ball 3-2: Base on Balls
|
|
Batting: RHB John Dew
|
0-0: Ball Ton van Dijk steals 2nd base 1-0: Foul Ball, location: 2F 1-1: TRIPLE (Flyball, 78XD, EV 95.6 MPH) Ton van Dijk scores
|
|
Batting: SHB Manny Molina
|
0-0: Ground out 6-3 (Groundball, 6, EV 88.1 MPH) John Dew scores
|
|
Batting: LHB Jayden Thomas
|
0-0: Ball 1-0: Called Strike 1-1: Foul Ball, location: 2F 1-2: Foul Ball, location: 2F 1-2: Strikes out looking
|
|
Batting: LHB Kuemon Shishido
|
0-0: Ball 1-0: Foul Ball, location: 2F 1-1: Foul Ball, location: 2F 1-2: Strikes out swinging
|
| Bottom of the 7th over - 2 runs, 1 hit, 0 errors, 0 left on base; Lowell 1 - Minnesota (NYP) 6 |
| TOP OF THE 8TH |
|
Lowell Spinners batting - Pitching for Minnesota (NYP) Twins : RHP Regan Kalinski
|
|
Batting: LHB Frank Olivo
|
0-0: Ball 1-0: Swinging Strike 1-1: Ball 2-1: Swinging Strike 2-2: Strikes out looking
|
|
Batting: RHB Alex Cardenas
|
0-0: Called Strike 0-1: Foul Ball, location: 2F 0-2: Ground out 5-3 (Groundball, 5S, EV 66.9 MPH)
|
|
Batting: RHB Paul Long
|
0-0: Foul Ball, location: 2F 0-1: Ground out 5-3 (Groundball, 56S, EV 88.1 MPH)
|
| Top of the 8th over - 0 runs, 0 hits, 0 errors, 0 left on base; Lowell 1 - Minnesota (NYP) 6 |
| BOTTOM OF THE 8TH |
|
Minnesota (NYP) Twins batting - Pitching for Lowell Spinners : RHP Victor Fuentes
|
|
Batting: SHB Chris Hull
|
0-0: Called Strike 0-1: Ball 1-1: Ball 2-1: Foul Ball, location: 2F 2-2: SINGLE (Line Drive, 9LS, EV 110.0 MPH)
|
|
Pitching: RHP Alex Sandidge
|
|
|
Batting: RHB Nick Phipps
|
0-0: Ball 1-0: Ball 2-0: Called Strike 2-1: Ball 3-1: Foul Ball, location: 2F 3-2: Foul Ball, location: 2F 3-2: Strikes out swinging
|
|
Batting: RHB Leo Gonzalez
|
0-0: Called Strike 0-1: Foul Ball, location: 2F 0-2: Strikes out swinging
|
|
Batting: RHB Andrew Rich
|
0-0: Ball 1-0: Fielders Choice at 2nd, 6-4 (Groundball, 6, EV 86.2 MPH)
|
| Bottom of the 8th over - 0 runs, 1 hit, 0 errors, 1 left on base; Lowell 1 - Minnesota (NYP) 6 |
| TOP OF THE 9TH |
|
Lowell Spinners batting - Pitching for Minnesota (NYP) Twins : RHP Regan Kalinski
|
|
Batting: RHB Travis Campbell
|
0-0: Called Strike 0-1: Swinging Strike 0-2: Strikes out looking
|
|
Batting: RHB Dominique Paolozzi
|
0-0: Ball 1-0: Called Strike 1-1: Called Strike 1-2: Hit by Pitch
|
|
Pitching: RHP Pat Adams
|
|
|
Batting: LHB Joel Soto
|
0-0: Called Strike 0-1: Ball 1-1: Called Strike 1-2: Strikes out swinging
|
|
Batting: RHB Joe Sandoval
|
0-0: Swinging Strike 0-1: Called Strike 0-2: Foul Ball, location: 2F 0-2: Ball 1-2: Foul Ball, location: 2F 1-2: Strikes out swinging, 2-3 out at first.
|
| Top of the 9th over - 0 runs, 0 hits, 0 errors, 1 left on base; Lowell 1 - Minnesota (NYP) 6 |
|